 Dungeon Crawl Stone Soup version 0.26.1-10-gdfb7c7de75 (webtiles) character file.

Game seed: 13786792592982596683

245 McIrco the Conjurer (level 6, -3/42 HPs)
             Began as an Octopode Conjurer on Mar 31, 2021.
             Killed from afar by Dowan (6 damage)
             ... with a puff of flame
             ... on level 3 of the Dungeon.
             The game lasted 00:08:26 (4343 turns).

McIrco the Conjurer (Octopode Conjurer)             Turns: 4343, Time: 00:08:26

Health: -3/42      AC:  1    Str:  8    XL:     6   Next: 10%
Magic:  8/9        EV: 13    Int: 21    God:
Gold:   190        SH:  0    Dex: 10    Spells: 3/10 levels left

rFire    + . .     SeeInvis .   o - +1 dagger (venom)
rCold    x . .     Faith    .   (no shield)
rNeg     . . .     Spirit   .   (helmet restricted)
rPois    .         Reflect  .   h - amulet of regeneration
rElec    .         Harm     .   j - ring of fire
rCorr    .         Rampage  .   (no ring)
Will     .....                  (no ring)
Stlth    +++.......             (no ring)
HPRegen  0.54/turn              (no ring)
MPRegen  0.11/turn              (no ring)
                                (no ring)
                                (no ring)

@: no status effects
A: almost no armour, stealthy swim, amphibious, 8 rings, constrict 8, camouflage
1, gelatinous body 1
a: no special abilities


You were on level 3 of the Dungeon.
You visited 1 branch of the dungeon, and saw 4 of its levels.

You collected 190 gold pieces.

Inventory:

Hand Weapons
 o - a +1 dagger of venom (weapon)
Armour
 l - a +0 hat
Jewellery
 h - an amulet of regeneration (around mantle)
 j - a ring of fire (left tentacle)
Wands
 u - a wand of enslavement (9)
Scrolls
 a - a scroll of fog {unknown}
 b - 2 scrolls of noise {unknown}
 d - a scroll of teleportation {unknown}
 f - a scroll of enchant armour {unknown}
 g - 2 scrolls of remove curse {unknown}
 i - 3 scrolls of identify {unknown}
 m - 2 scrolls of amnesia {unknown}
 q - a scroll of immolation {unknown}
 s - a scroll of magic mapping {unknown}
Potions
 c - a potion of cancellation {unknown}
 e - a potion of invisibility {unknown}
 k - a potion of haste {unknown}
 n - a potion of lignification {unknown}
 p - a potion of berserk rage {unknown}
 r - 4 potions of heal wounds {unknown}
 t - a potion of curing
 v - a potion of might {unknown}


   Skills:
 - Level 3.0 Fighting
 - Level 2.0 Dodging
 - Level 3.0 Stealth
 + Level 2.6 Spellcasting
 - Level 6.0 Conjurations


You had 3 spell levels left.
You knew the following spells:

 Your Spells              Type           Power        Failure   Level
a - Magic Dart            Conj           100%         1%          1
b - Searing Ray           Conj           54%          1%          2
c - Fulminant Prism       Conj/Hex       7%           38%         4

Your spell library contained the following spells:

 Spells                   Type           Power        Failure   Level
 Dazzling Flash           Conj/Hex       30%          12%         3
 Iskenderun's Mystic Bla  Conj/Tloc      15%          38%         4


Dungeon Overview and Level Annotations

Branches:
Dungeon (4/15)
 Temple: D:4-7

Altars:
Yredelemnul
The Shining One

Annotations:
D:3 Dowan, Duvessa


Innate Abilities, Weirdness & Mutations

You cannot wear most types of armour.
You are very stealthy in the water. (Stealth+)
You are amphibious.
You can wear up to eight rings at the same time.
You can use your tentacles to constrict eight enemies at once.
Your skin changes colour to match your surroundings (Stealth+).
Your rubbery body absorbs attacks. (AC +1, EV +1)


Message History

You hit Duvessa but do no damage.
Duvessa looks as sick as possible!
You squeeze Duvessa, but do no damage.
Duvessa is moderately wounded.
You constrict Duvessa, but do no damage.
Duvessa hits you with a +0 rapier.
* * * LOW HITPOINT WARNING * * *
Dowan zaps a wand.
You resist with some effort.
You hit Duvessa but do no damage.
Duvessa looks as sick as possible!
Duvessa is moderately wounded.
You constrict Duvessa, but do no damage.
Duvessa hits you with a +0 rapier.
* * * LOW HITPOINT WARNING * * *
Dowan points at you and mumbles some strange words.
The puff of frost misses you.
You hit Duvessa.
Duvessa looks as sick as possible!
Duvessa is severely wounded.
You constrict Duvessa.
Dowan points at you and mumbles some strange words.
The puff of flame hits you. You resist.
You die...

.##.....................#........
###..........#.#........##.######
#..........#.................##
#####.......#..................
#.......#................#.
#......<#................#.
#.......##.#e####........#.
#.......##.#.# #.########.
#.......##@#.# #.#########
#.......##e.e# #..........
#######.......###..#############.
.....##.......ยง...>....#.........
.....##)......##.......#.........
.....###########.......#.........
.....### #.......#......[..
.......# #.......#.........
.......# #.......#.........


You could see Duvessa (extremely poisoned) and Dowan.

Vanquished Creatures
  A bullfrog skeleton (D:4)
  An orc wizard (D:4)
  Natasha (thrice) (D:2)
  A worker ant (D:4)
  An adder (D:4)
  An adder skeleton (D:4)
  3 worms
  A dart slug (D:2)
  3 leopard geckos
  10 orcs
  A ball python (D:2)
  A giant cockroach (D:2)
  6 goblins
  7 hobgoblins
  2 quokkas (D:3)
  8 bats
  3 frilled lizards
  A jackal skeleton (D:4)
  5 kobolds
  6 rats
65 creatures vanquished.

Notes
Turn   | Place    | Note
-------+----------+-------------------------------------------
     0 | D:1      | McIrco the Octopode Conjurer began the quest for the Orb.
     0 | D:1      | Reached XP level 1. HP: 11/11 MP: 3/3
   434 | D:1      | Reached XP level 2. HP: 17/17 MP: 1/5
  1200 | D:2      | Noticed Natasha
  1254 | D:2      | Learned a level 2 spell: Searing Ray
  1619 | D:2      | Noticed a crimson imp
  1842 | D:2      | Killed Natasha
  1843 | D:2      | Reached skill level 5 in Conjurations
  1843 | D:2      | Reached XP level 3. HP: 21/21 MP: 1/6
  2158 | D:2      | Reached XP level 4. HP: 27/27 MP: 3/7
  2177 | D:2      | Noticed Natasha
  2259 | D:2      | Killed Natasha
  2319 | D:2      | Noticed Natasha
  2324 | D:2      | Killed Natasha
  2325 | D:2      | Reached skill level 6 in Conjurations
  2558 | D:2      | Reached XP level 5. HP: 32/32 MP: 3/8
  2688 | D:3      | Reached skill level 1 in Fighting
  3847 | D:4      | Found a basalt altar of Yredelemnul.
  3868 | D:4      | Found a glowing golden altar of the Shining One.
  3870 | D:4      | Noticed an angel
  4056 | D:4      | Noticed Dowan
  4057 | D:4      | Noticed Duvessa
  4179 | D:4      | Reached XP level 6. HP: 38/42 MP: 2/9
  4299 | D:3      | Learned a level 4 spell: Fulminant Prism
  4342 | D:3      | HP: 2/42 [Duvessa/+0 rapier (3)]
  4343 | D:3      | Killed from afar by Dowan

Illustrated notes

Levels and vault maps discovered:
D:1:      onia_arrival_mini_spirals, layout_loops_cross, serial_forest,
          infiniplex_forest_clump_medium, infiniplex_forest_lined_2,
          infiniplex_forest_join, infiniplex_forest_straight_1,
          infiniplex_forest_end_1, infiniplex_forest_3_way,
          infiniplex_forest_clump_small, minmay_tetromino_t4
D:2:      layout_basic, uniq_natasha
D:3:      layout_basic
D:4:      layout_rooms, grunt_temple_overflow_holy_war,
          hangedman_decor_slide_cut, minmay_ogre_servants, uniq_grinder,
          uniq_duvessa

Skill      XL: |  1  2  3  4  5 |
---------------+----------------+-----
Stealth        | 3 |  3.0
Conjurations   | 5 6 |  6.0
Fighting       | 3 |  3.0
Dodging        | |  2.0
Spellcasting   | |  2.6

Action                   |  1- 3 |  4- 6 || total
-------------------------+-------+-------++-------
Melee: Unarmed           |     7 |       ||     7
       Constrict         |     2 |     2 ||     4
       Tentacles         |     1 |     2 ||     3
       Dagger            |       |     9 ||     9
 Cast: Magic Dart        |    47 |    76 ||   123
       Searing Ray       |     1 |     6 ||     7
Armor: Skin              |     2 |       ||     2
Dodge: Dodged            |     6 |    14 ||    20
